 Dungeon Sprint DCSS version 0.29.1-15-g9cfb28693d (webtiles) character file.

Game seed: 6786874068199092615

5 GigaChad the Shield-Bearer (level 2, -1/26 HPs)
             Began as a Formicid Fighter on Mar 30, 2023.
             Was an Initiate of Gozag.
             Slain by a scorpion (4 damage)
             ... in the Dungeon (Sprint VI: "Thunderdome").
             The game lasted 00:01:56 (201 turns).

GigaChad the Shield-Bearer (Formicid Fighter)        Turns: 201, Time: 00:01:57

Health: -1/26      AC:  7    Str: 20    XL:     2   Next: 95%
Magic:  2/2        EV:  9    Int:  7    God:    Gozag
Gold:   291        SH:  5    Dex: 13    Spells: 1/1 levels left

rFire   . . .      SeeInvis +   a - +0 war axe
rCold   . . .      Faith    .   c - +0 buckler
rNeg    . . .      Spirit   .   b - +0 scale mail
rPois   .          Reflect  .   (helmet unavailable)
rElec   .          Harm     .   (no cloak)
rCorr   .          Rampage  .   (no gloves)
Will    .....                   (no boots)
Stlth   ..........              (no amulet)
HPRegen 0.08/turn               (no ring)
MPRegen 0.08/turn               (no ring)

@: lethally poisoned (-1 -> -6)
A: permanent stasis, dig shafts and tunnels, antennae 3, four strong arms
a: Dig, Renounce Religion, Potion Petition, Call Merchant, Bribe Branch


You were in the Dungeon.
You worshipped Gozag.
Gozag was aware of your devotion.
You visited 1 branch You collected 291 gold pieces.

Inventory:

Hand Weapons
 a - a +0 war axe (weapon)
Armour
 b - a +0 scale mail (worn)
 c - a +0 buckler (worn)
Wands
 h - a wand of iceblast (5)
 i - a wand of quicksilver (5)
Scrolls
 j - 3 scrolls of blinking {unknown}
 k - 3 scrolls of butterflies
Potions
 d - a potion of might
 e - a potion of curing
 f - 4 potions of heal wounds
 g - 2 potions of magic
 l - a potion of resistance


   Skills:
 + Level 4.4 Fighting
 + Level 2.6 Axes
 + Level 4.3 Armour
 + Level 0.1 Dodging
 + Level 5.8 Shields


You had one spell level left.
You didn't know any spells.
Your spell library was empty.

Dungeon Overview and Level Annotations

Branches:
Dungeon (1/1)

Altars:
Cheibriados
Dithmenos
Gozag
Kikubaaqudgha
Makhleb
Okawaru
Ru
Sif Muna
Trog
Vehumet
Wu Jian
Xom
Yredelemnul
Zin
The Shining One
Lugonu

Shops:
D *[?**[(!!!!

Annotations:
D Jessica, Sigmund


Innate Abilities, Weirdness & Mutations

You cannot be hasted, slowed, berserked, paralysed or teleported.
You can dig through walls and to a lower floor.
You have a pair of large antennae on your head. (SInv)
Your four strong arms can wield two-handed weapons with a shield.


Message History

You sense a tension in the west.
Jessica the Apprentice Sorceress comes into view.
She is wielding a +0 dagger.
Jessica shouts!
Sigmund the Dreaded comes into view.
He is wielding a +0 scythe and carrying a wand of flame (27).
Sigmund shouts!
An ogre comes into view. It is wielding a +0 giant spiked club.
The ogre shouts!
A hound comes into view.
The hound barks!
A white imp comes into view.
The white imp shouts!
A scorpion comes into view.
The hound barely misses you.
Unknown command.
Unknown command.
You slash the scorpion!
The scorpion is moderately wounded.
You closely miss the hound. 50... The hound misses you.
The scorpion stings you but does no damage.
Sigmund hits you but does no damage. The scorpion stings you.
You are poisoned.
The scorpion poisons you! The hound bites you.
* * * LOW HITPOINT WARNING * * *
You are too injured to fight recklessly!
Unknown command.
You are too injured to fight recklessly!
Unknown command.
You are too injured to fight recklessly!
Unknown command.
* * * LOW HITPOINT WARNING * * *
You feel sick.
* * * LOW HITPOINT WARNING * * *
You feel sick. The hound barely misses you.
Sigmund casts a spell.
Sigmund flickers and vanishes for a moment.
The scorpion stings you.
You die...
Your body crumbles into a pile of gold.

_....... _......._
###.........##
#§...........⌠
######.8.........8.
##.___......# #.....
###∩........8.# #.8...
##.....@.......###.....
#§...s@.....###...###..
#§..5h......# #.<.# #..
#§.@.O......###...###..
##.....†.......###.....
###∩.....†..8.# #.8...
##∩___......###.†...
######.8.........8.
#⌠...........⌠
###.........##


You could see an ogre, Sigmund (invisible), a scorpion, a hound, a white imp and
Jessica.

Vanquished Creatures
  2 adders (D)
  2 ball pythons (D)
4 creatures vanquished.

Notes
Turn   | Place    | Note
-------+----------+-------------------------------------------
     0 | D        | GigaChad the Formicid Fighter began the quest for the Orb.
     0 | D        | Reached XP level 1. HP: 18/18 MP: 1/1
     2 | D        | Found a sacrificial altar of Ru.
     3 | D        | Found a glowing silver altar of Zin.
     4 | D        | Found an ornate altar of the Wu Jian Council.
     4 | D        | Found a shadowy altar of Dithmenos.
     5 | D        | Found Bepom's Do-It-Yourself Clinic.
     5 | D        | Found a glowing golden altar of the Shining One.
     5 | D        | Found a snail-covered altar of Cheibriados.
     5 | D        | Found Qeijej's Distillery.
     5 | D        | Round 1.
     6 | D        | Found Atzuoch's Bottled Wisdom.
     6 | D        | Found Zomirel's Distillery.
    27 | D        | Found a bloodstained altar of Trog.
    38 | D        | Found Ujee's Weapon Rack.
    41 | D        | Found a radiant altar of Vehumet.
    41 | D        | Found a shimmering altar of Xom.
    41 | D        | Found Qaithygu's Premium Goods.
    43 | D        | Found Ylaarhut's Basic Armour.
    43 | D        | Found Diomibba's Miscellaneous Merchandise.
    64 | D        | Found a shimmering blue altar of Sif Muna.
    65 | D        | Found a burning altar of Makhleb.
    65 | D        | Found Kasued's Identification Station.
    67 | D        | Found Niywesch's Advanced Armour.
    67 | D        | Found Kuitsatu's Jewellery.
    74 | D        | Reached skill level 5 in Shields
    74 | D        | Reached XP level 2. HP: 13/25 MP: 2/2
    97 | D        | Found an ancient bone altar of Kikubaaqudgha.
    97 | D        | Found a corrupted altar of Lugonu.
    97 | D        | Found an opulent altar of Gozag.
   124 | D        | Became a worshipper of Gozag Ym Sagoz the Greedy
   160 | D        | Found a basalt altar of Yredelemnul.
   181 | D        | Arena points: 5 (+5) [x1]
   183 | D        | Found an iron altar of Okawaru.
   195 | D        | Round 2.
   196 | D        | Noticed Jessica
   196 | D        | Noticed Sigmund
   196 | D        | Noticed an ogre
   197 | D        | Noticed a scorpion
   201 | D        | Slain by a scorpion

Illustrated notes

Levels and vault maps discovered:
D:        arena_sprint

Skill      XL: |  1  2 |
---------------+-------+-----
Fighting       | 4 |  4.4
Shields        | 5 |  5.8
Armour         | 4 |  4.3
Axes           | |  2.6
Dodging        | |  0.1

Action                   || total
-------------------------++-------
Melee: War axe           ||    22
Armor: Scale mail        ||    13
Dodge: Dodged            ||    21
Block: Buckler           ||     6
